 Dungeon Crawl Stone Soup version 0.23-a0-333-g006994f (webtiles) character file.

1346 tilp the Chiller (level 8, -8/60 HPs)
             Began as a Merfolk Ice Elementalist on Oct 16, 2018.
             Mangled by an orc warrior
             ... wielding a +0 halberd
              (12 damage)
             ... on level 6 of the Dungeon on Oct 17, 2018.
             The game lasted 00:19:05 (8156 turns).

tilp the Chiller (Merfolk Ice Elementalist)         Turns: 8156, Time: 00:19:06

Health: -8/60      AC:  7    Str:  8    XL:     8   Next: 62%
Magic:  1/14       EV: 13    Int: 16    God:
Gold:   420        SH:  0    Dex: 15    Spells: 9/15 levels left

rFire    . . .     SeeInvis .   f - +2 whip (vamp)
rCold    . . .     Gourm    .   (no shield)
rNeg     . . .     Faith    .   a - +0 robe
rPois    .         Spirit   .   (no helmet)
rElec    .         Reflect  .   p - scarf {repulsion}
rCorr    .         Harm     .   (no gloves)
MR       .....                  (no boots)
Stlth    +.........             (no amulet)
HPRegen  0.20/turn              (no ring)
MPRegen  0.14/turn              (no ring)

@: icy armour, very slightly contaminated, heavily drained, repel missiles
A: change form in water, swift swim, stealthy swim
a: no special abilities


You were on level 6 of the Dungeon.
You were not hungry.

You visited 1 branch of the dungeon, and saw 7 of its levels.
You also visited: Sewer.

You collected 420 gold pieces.

Inventory:

Hand Weapons
 f - a +2 vampiric whip (weapon)
 l - a +3 short sword of draining
 r - a +4 flail
 t - a +0 halberd
 x - a +0 trident
Missiles
 e - 116 stones
 y - 7 tomahawks (quivered)
Armour
 a - a +0 robe (worn)
 p - a scarf of repulsion (worn)
 v - a +0 buckler
Jewellery
 i - an uncursed ring of protection from fire {unknown}
 k - an uncursed amulet of faith
 o - a cursed ring of teleportation {unknown}
 s - an uncursed ring of resist corrosion {unknown}
Wands
 m - a wand of polymorph (18)
 A - a wand of random effects (36)
Scrolls
 d - 5 scrolls of teleportation
 h - 2 scrolls of remove curse
 u - a scroll of amnesia {unknown}
 w - a scroll of identify
Potions
 g - 2 potions of flight
 n - a potion of cancellation
 q - a potion of heal wounds {unknown}
Comestibles
 c - 7 rations


   Skills:
 - Level 4.1(1.5) Fighting
 - Level 6.0(3.1) Dodging
 - Level 2.1(0.0) Stealth
 + Level 4.0(1.3) Spellcasting
 - Level 2.0(0.0) Conjurations
 + Level 3.9(1.3) Charms
 - Level 6.0(3.1) Ice Magic
 + Level 3.5(0.9) Evocations


You had 9 spell levels left.
You knew the following spells:

 Your Spells              Type           Power        Failure   Level  Hunger
a - Freeze                Ice            ##..         6%          1    ##.....
b - Throw Frost           Conj/Ice       #.....       17%         2    ###....
c - Ozocubu's Armour      Chrm/Ice       #.......     26%         3    ####...

Your spell library contained the following spells:

 Spells                   Type           Power        Failure   Level  Hunger
 Animate Skeleton         Necr           N/A          22%         1    ##.....
 Apportation              Tloc           #.....       22%         1    ##.....
 Confusing Touch          Hex            #.....       22%         1    ##.....
 Shock                    Conj/Air       #...         22%         1    ##.....
 Summon Small Mammal      Summ           #...         22%         1    ##.....
 Swiftness                Chrm/Air       #.......     26%         2    ###....
 Static Discharge         Conj/Air       #.......     54%         3    ####...
 Summon Ice Beast         Ice/Summ       #.......     75%         4    #####..
 Throw Icicle             Conj/Ice       #.......     75%         4    #####..
 Airstrike                Air            #.........   91%         4    #####..
 Lightning Bolt           Conj/Air       #.........   99%         5    ######.


Dungeon Overview and Level Annotations

Branches:
Dungeon (7/15)
 Temple: D:4-7

Altars:
Fedhas
Kikubaaqudgha
Ru

Shops:
D:6 ?

Annotations:
D:4 exclusion: ogre, Duvessa, Menkaure
D:5 1 runed door
D:7 exclusion: hungry ghost


Message History

Confirm with . or Enter, or press ? or * to list all spells.
Aiming: Freeze (safe; 6% risk of failure)
Press: ? - help, Shift-Dir - straight line, f/p - orc warrior
Aim: an orc warrior, wielding a +0 halberd and wearing a +3 plate armour You freeze the orc warrior.
The orc warrior is almost dead.
The orc warrior hits you with a +0 halberd!!
* * * LOW HITPOINT WARNING * * *
You closely miss the orc warrior.
The orc warrior is almost dead.
The orc warrior closely misses you.
You closely miss the orc warrior.
The orc warrior is almost dead.
The orc warrior hits you with a +0 halberd!
* * * LOW HITPOINT WARNING * * *
Okay, then.
You hit the orc warrior but do no damage.
The orc warrior is almost dead.
The orc warrior hits you with a +0 halberd!
You die...

z.....# #####...### ##.#..#
#.........#
##....####.##....#>#
...##.#.........##.#
#####.........#.##.#
......#.##.##.#.##.########
#####.#.##.##.....o.......#
#..........o##.....##.#
#.#.##.##...@......##[#
#.#.##.#######.....##o#
#...........##.....##.#
#.#.##.####.#########.#
#....#.# #.# ##......#
###.# #.......# #<..#
#.......# ##.######
#.......# #.......#


You could see an orc warrior.

Vanquished Creatures
  An ice beast (D:6)
  2 sky beasts (D:5)
  An ogre (D:4)
  A centaur (D:6)
  A big kobold (Sewer)
  2 bullfrogs (D:6)
  A wight (D:6)
  A howler monkey (D:3)
  A bullfrog zombie (D:4)
  A centaur skeleton (D:7)
  3 hounds (D:6)
  A jelly (D:5)
  An iguana (D:5)
  An orc wizard (D:6)
  3 worker ants
  A worker ant zombie (D:6)
  7 gnolls
  8 adders
  A river rat (D:4)
  2 shadow imps
  9 worms
  2 dart slugs
  7 leopard geckos
  9 orcs
  2 ball pythons
  13 bats
  4 giant cockroaches
  9 goblins
  5 hobgoblins
  9 jackals
  3 quokkas
  5 frilled lizards
  A jackal skeleton (D:4)
  11 kobolds
  A leopard gecko skeleton (D:4)
  12 rats
142 creatures vanquished.

Notes
Turn   | Place    | Note
-------+----------+-------------------------------------------
     0 | D:1      | tilp the Merfolk Ice Elementalist began the quest for the
                  | Orb.
     0 | D:1      | Reached XP level 1. HP: 13/13 MP: 3/3
   158 | D:1      | Reached XP level 2. HP: 16/19 MP: 5/5
   687 | D:1      | Reached XP level 3. HP: 24/24 MP: 6/6
   691 | D:1      | Learned a level 2 spell: Throw Frost
   695 | D:1      | Learned a level 3 spell: Ozocubu's Armour
   932 | D:2      | Reached skill level 5 in Ice Magic
  1294 | D:2      | Reached XP level 4. HP: 23/30 MP: 7/7
  2401 | D:3      | Found a sacrificial altar of Ru.
  2884 | D:3      | Reached XP level 5. HP: 32/36 MP: 2/8
  2926 | D:3      | Reached skill level 1 in Fighting
  3166 | D:4      | Noticed Duvessa
  3197 | D:4      | Noticed an ogre
  3517 | D:4      | Found a glowing drain.
  3568 | Sewer    | Entered a sewer
  3757 | Sewer    | Noticed a big kobold
  3801 | Sewer    | Killed a big kobold
  3801 | Sewer    | Reached XP level 6. HP: 42/46 MP: 6/9
  3907 | Sewer    | Found a white marble altar of Elyvilon.
  4049 | D:4      | You fall through a shaft for 3 floors!
  4152 | D:7      | Noticed a hungry ghost
  4260 | D:6      | Noticed an orc warrior
  4296 | D:6      | Reached skill level 5 in Dodging
  4558 | D:6      | Reached XP level 7. HP: 32/54 MP: 4/10
  4677 | D:5      | Entered Level 5 of the Dungeon
  4853 | D:5      | Reached skill level 1 in Conjurations
  4853 | D:5      | Reached skill level 1 in Charms
  4853 | D:5      | Reached skill level 1 in Evocations
  4961 | D:5      | Found a runed door.
  4979 | D:5      | Found a blossoming altar of Fedhas.
  5817 | D:4      | Upgraded the game from 0.23-a0-329-g6f3f904 to
                  | 0.23-a0-333-g006994f
  5902 | D:4      | Reached XP level 8. HP: 60/60 MP: 10/12
  6429 | D:4      | Noticed Menkaure
  7730 | D:6      | Found an ancient bone altar of Kikubaaqudgha.
  7744 | D:6      | Found Utoly's Magic Scroll Emporium.
  8156 | D:6      | Mangled by an orc warrior

Vault maps used:
D:1:      minmay_arrival_stone_box, kennysheep_nondescript
D:3:      hangedman_decor_lopped, nicolae_ru_awakened_eye
D:4:      first_ration, gup_sewer_entry_spiral, uniq_menkaure, uniq_duvessa
D:5:      fedhas_altar_2, uniq_crazy_yiuf_cottage
D:6:      kiku_gazebo_pond_becter, serial_shops, shop_scrolls
D:7:      kennysheep_little_box, temple_statues
Sewer:    sewer_kobolds

Skill      XL: |  1  2  3  4  5  6  7  8 |
---------------+-------------------------+-----
Ice Magic      | 4 5 6 |  6.0
Dodging        | 3 4 5 6 |  6.0
Fighting       | 2 4 |  4.1
Conjurations   | 1 2 |  2.0
Charms         | 2 3 |  3.9
Evocations     | 1 3 |  3.5
Spellcasting   | 4 |  4.0
Stealth        | |  2.1

Action                   |  1- 3 |  4- 6 |  7- 9 || total
-------------------------+-------+-------+-------++-------
Melee: Hand axe          |     5 |       |       ||     5
       Whip              |    81 |   180 |   285 ||   546
       Tailslap          |       |     7 |       ||     7
Throw: Stone             |     1 |     1 |       ||     2
 Cast: Freeze            |    10 |    53 |    46 ||   109
       Throw Frost       |     1 |    12 |     7 ||    20
       Ozocubu's Armour  |     1 |     4 |    15 ||    20
Evoke: Wand              |       |       |     1 ||     1
  Use: Scroll            |     1 |     6 |       ||     7
       Potion            |       |       |     4 ||     4
 Stab: Sleeping          |     4 |     7 |     3 ||    14
       Distracted        |       |     1 |       ||     1
  Eat: Ration            |     1 |       |     2 ||     3
       Chunk             |     3 |    12 |     8 ||    23
Armor: Robe              |    15 |    19 |    42 ||    76
Dodge: Dodged            |    65 |   164 |   254 ||   483
       Deflected         |       |     3 |     1 ||     4

Table legend:
 A = Non-vault XP
 B = Vault XP
 C = Vault XP percentage of total XP
 D = Non-vault monster count
 E = Vault monster count
 F = Vault count percentage of total count
                 A         B        C        D         E       F
            +---------+---------+-------+---------+---------+-------
      Total |    1770 |     153 |   8.0 |     123 |      19 |  13.4
            +---------+---------+-------+---------+---------+-------
        D:1 |      36 |       0 |   0.0 |      22 |       0 |   0.0
        D:2 |     110 |       0 |   0.0 |      31 |       0 |   0.0
        D:3 |      89 |       0 |   0.0 |      14 |       0 |   0.0
        D:4 |     215 |      39 |  15.4 |      12 |       7 |  36.8
        D:5 |     477 |       0 |   0.0 |      19 |       0 |   0.0
        D:6 |     785 |       0 |   0.0 |      22 |       0 |   0.0
        D:7 |      58 |       0 |   0.0 |       3 |       0 |   0.0
      Sewer |       0 |     114 | 100.0 |       0 |      12 | 100.0
            +---------+---------+-------+---------+---------+-------
